[Event "Team 45 45 League T59"]
[Site "Internet Chess Club"]
[Date "2013.11.24"]
[Round "1"]
[White "steadman"]
[Black "Jack-ONeill"]
[Result "1/2-1/2"]
[WhiteElo "2114"]
[BlackElo "2085"]
[Opening "Catalan: closed, 5.Nf3"]
[ECO "E06"]
[Time "07:03:45"]
[TimeControl "2700+45"]

1. d4 d5 2. c4 e6 3. Nf3 Nf6 4. g3 Be7 5. Bg2 O-O 6. O-O dxc4 7. Qc2 a6 8. a4
Bd7 9. Rd1 Bc6 10. Nc3 Bxf3 11. Bxf3 Nc6 12. Bxc6 bxc6 13. Bg5 Rb8 14. Rac1 a5
15. Bxf6 Bxf6 16. e3 Rb4 17. Na2 Rb6 18. Qxc4 {Game drawn by mutual agreement}
1/2-1/2

[Event "Team 45 45 League T59"]
[Site "Internet Chess Club"]
[Date "2013.11.23"]
[Round "1"]
[White "Ptzz"]
[Black "CHENENE"]
[Result "1/2-1/2"]
[WhiteElo "2077"]
[BlackElo "1656"]
[Opening "English, 1...Nf6 (Anglo-Indian defense)"]
[ECO "A15"]
[Time "10:11:55"]
[TimeControl "2700+45"]

1. c4 Nf6 2. g3 g6 3. Bg2 c5 4. Nc3 Nc6 5. a3 Bg7 6. Rb1 a5 7. Nf3 O-O 8. O-O d6
9. d3 Re8 10. Ne1 Bd7 11. Nc2 a4 12. Bd2 e6 13. Nb5 Bc8 14. Bf4 e5 15. Bg5 Be6
16. Ne3 h6 17. Bxf6 Bxf6 18. Nd5 Bxd5 19. Bxd5 Qd7 20. e3 Kg7 21. Nc3 Ne7 22.
Bg2 Red8 23. Qf3 Rdb8 24. h4 Qf5 25. Qd1 Qd7 26. Qf3 Qf5 27. Qd1 Qd7 28. Ne4 Ra6
29. Nc3 Raa8 30. Kh2 h5 31. Qf3 Qf5 32. Qd1 Qd7 33. Bd5 Ra7 34. f4 Nf5 35. Qf3
exf4 36. gxf4 Nxh4 37. Qf2 Re8 38. Ne4 Nf5 39. Nxf6 Kxf6 40. e4 Nd4 41. Rg1 b6
42. Qg2 Qg4 43. Qxg4 hxg4 44. Rxg4 Rh8+ 45. Kg2 Rd7 46. Rf1 Rdd8 47. e5+ Ke7 48.
Re1 dxe5 49. Rxe5+ Kf6 50. Rg3 Rde8 51. Rge3 Rxe5 52. fxe5+ Ke7 53. Rg3 Rh5 54.
Re3 Rh4 55. Rh3 Rxh3 56. Kxh3 Nf5 {Game drawn by mutual agreement} 1/2-1/2

[Event "Team 45 45 League T59"]
[Site "Internet Chess Club"]
[Date "2013.11.23"]
[Round "1"]
[White "jjmolina"]
[Black "Holgate"]
[Result "1/2-1/2"]
[WhiteElo "1786"]
[BlackElo "2005"]
[Opening "Sicilian: Najdorf, Byrne (English) attack"]
[ECO "B90"]
[Time "03:02:24"]
[TimeControl "2700+45"]

1. e4 c5 2. Nf3 d6 3. d4 cxd4 4. Nxd4 Nf6 5. Nc3 a6 6. Be3 e6 7. f3 b5 8. Qd2
Nbd7 9. O-O-O Bb7 10. g4 Nb6 11. Qf2 Nfd7 12. Bd3 Rc8 13. Nce2 Nc4 14. Bxc4 bxc4
15. Nc3 Qa5 16. Kb1 Be7 17. h4 O-O 18. Bd2 Qb6 19. Na4 Qc7 20. Nc3 Rb8 21. Bc1
Qb6 22. Qe3 Nc5 23. g5 a5 24. h5 a4 25. g6 a3 26. gxh7+ Kh8 27. b3 cxb3 28. cxb3
Bf6 29. h6 g6 30. f4 Kxh7 31. Rh2 Rfc8 32. e5 dxe5 33. fxe5 Bh8 {Game drawn by
mutual agreement} 1/2-1/2

[Event "Team 45 45 League T59"]
[Site "Internet Chess Club"]
[Date "2013.11.23"]
[Round "1"]
[White "Tobiasdelmonte"]
[Black "Baseta"]
[Result "1/2-1/2"]
[WhiteElo "1761"]
[BlackElo "1813"]
[Opening "French defense"]
[ECO "C00"]
[Time "14:00:41"]
[TimeControl "2700+45"]

1. e4 e6 2. g3 d5 3. Bg2 dxe4 4. Nc3 f5 5. Qh5+ g6 6. Qe2 Nc6 7. h4 Nf6 8. Nh3
Nd4 9. Qd1 Bg7 10. d3 exd3 11. Qxd3 e5 12. Bg5 e4 13. Qd2 Nf3+ 14. Bxf3 Qxd2+
15. Kxd2 exf3 16. Rhe1+ Kf7 17. Bf4 Rd8+ 18. Kc1 c6 19. Ng5+ Kg8 20. Nxf3 Ng4
21. Nd1 b6 22. Ng5 h6 23. Bc7 Rf8 24. Nh3 Bd7 25. c3 Rfe8 26. Kd2 Rac8 27. Bf4
Ne5 28. Bxe5 Bxe5 29. Ne3 Rcd8 30. Kc2 Kf7 31. Nc4 Bc7 32. Rad1 Rxe1 33. Rxe1
Re8 34. Rd1 Bc8 35. Nd6+ Bxd6 36. Rxd6 Re2+ 37. Kb3 Be6+ 38. Ka3 Ke7 39. Rd1 Bf7
40. b3 Rc2 41. c4 Re2 42. Rd3 Be8 43. Rf3 Re1 44. h5 Rh1 45. Re3+ Kf8 46. hxg6
Rxh3 47. g7+ Kxg7 48. Rxe8 Rh2 49. Re2 Kg6 50. Kb4 Kg5 51. Kc3 f4 52. gxf4+ Kxf4
53. Re6 h5 54. Rf6+ Kg5 55. Rf7 h4 56. Kd3 Kg4 57. Ke3 h3 58. Rg7+ Kh4 59. Kf3
Rh1 60. Rh7+ Kg5 61. Kg3 Ra1 62. Rxa7 Rf1 63. Rc7 h2 64. Kxh2 Rxf2+ 65. Kg3 Rf6
66. a4 Kf5 67. Rb7 c5 68. a5 bxa5 69. Rb5 Rc6 70. Rxa5 Ke4 71. Rb5 Kd4 72. Kf4
Re6 73. Kf5 Re1 74. Kf6 Re2 75. Rb6 Re3 76. Rb5 Re2 77. Rb6 Re3 78. Rd6+ Kc3 79.
Rb6 Kd4 80. Rb8 Kc3 81. Kf5 Kd4 82. Kf4 Re4+ 83. Kf5 Re5+ 84. Kf6 Re3 85. Rd8+
Kc3 86. Rb8 Kd4 87. Rb7 Re2 88. Kf5 Re5+ 89. Kf6 Re3 90. Rb5 Re1 91. Kf5 Re5+
92. Kf4 Re4+ 93. Kg5 Re5+ 94. Kf6 Re1 95. Rb8 Re3 96. Rb5 Re1 97. Kf5 Re5+ 98.
Kf4 Re4+ 99. Kf3 Re3+ 100. Kf2 Re5 101. Kf3 Re3+ 102. Kf4 Re4+ 103. Kf5 Re5+
104. Kf6 Re3 105. Rb8 Re1 106. Kf7 Re2 107. Rb7 Re3 108. Kf6 Re1 109. Rb6 Re3
110. Rb8 Re1 111. Rd8+ Kc3 112. Rd5 Kb4 113. Rd3 Rb1 114. Ke6 Rxb3 115. Rd1 Kxc4
116. Kd6 Rc3 117. Kc6 Rc2 118. Rb1 Rc3 119. Rd1 Kb3 120. Rb1+ Kc2 121. Rb5 c4
122. Kc5 Rb3 123. Kxc4 Rxb5 124. Kxb5 {Game drawn because neither player has
mating material} 1/2-1/2

[Event "Team 45 45 League T59"]
[Site "Internet Chess Club"]
[Date "2013.11.25"]
[Round "1"]
[White "Froggy"]
[Black "MeWantCookie"]
[Result "1/2-1/2"]
[WhiteElo "2047"]
[BlackElo "2127"]
[Opening "Sicilian: Smith-Morra gambit"]
[ECO "B21"]
[Time "16:01:49"]
[TimeControl "2700+45"]

1. e4 c5 2. d4 cxd4 3. c3 Nf6 4. e5 Nd5 5. cxd4 Nc6 6. Nf3 d6 7. Bc4 Nb6 8. Bb5
dxe5 9. Nxe5 Bd7 10. Nxd7 Qxd7 11. Nc3 e6 12. Qg4 h5 13. Qg3 a6 14. Bxc6 Qxc6
15. O-O h4 16. Qh3 Be7 17. Be3 O-O-O 18. d5 Nxd5 19. Nxd5 Qxd5 20. Bf4 Qf5 21.
Rac1+ Kd7 22. Rc7+ Ke8 23. Qxf5 exf5 24. Rxb7 g5 25. Bc7 Rc8 26. Re1 Rh6 27. Kf1
Re6 28. h3 Bf6 29. Rxe6+ fxe6 30. b4 Kd7 31. Ba5+ Kd6 32. Rb6+ Rc6 33. Ke2 Rxb6
34. Bxb6 Kc6 35. Bc5 Kb5 36. Kd3 a5 37. a3 g4 38. f3 gxf3 39. gxf3 Bb2 40. a4+
Kxa4 41. bxa5 Kxa5 42. Be7 Bc1 43. Bxh4 Kb5 44. Bf6 Kc5 45. h4 Kd5 46. h5 e5 47.
Bg7 e4+ 48. fxe4+ fxe4+ 49. Ke2 Bf4 50. h6 Bxh6 51. Bxh6 e3 52. Kxe3 {Game drawn
because neither player has mating material} 1/2-1/2

[Event "Team 45 45 League T59"]
[Site "Internet Chess Club"]
[Date "2013.11.28"]
[Round "1"]
[White "chess09"]
[Black "CogitoErgoSum"]
[Result "1/2-1/2"]
[WhiteElo "1986"]
[BlackElo "1838"]
[Opening "Queen's Indian: Nimzovich variation (exaggerated fianchetto)"]
[ECO "E15"]
[Time "11:46:06"]
[TimeControl "2700+45"]

1. d4 Nf6 2. c4 e6 3. Nf3 b6 4. g3 Ba6 5. b3 Bb4+ 6. Bd2 Be7 7. Bg2 Bb7 8. O-O
O-O 9. Nc3 Ne4 10. Nxe4 Bxe4 11. Bc3 d6 12. Qd2 Nd7 13. Rfd1 f5 14. Rac1 a5 15.
Qb2 Bf6 16. a4 Qe8 17. d5 Bxc3 18. Qxc3 e5 19. Nd2 Bxg2 20. Kxg2 Nc5 21. f3 Qh5
22. Rf1 Rf6 23. Rce1 Rh6 24. h4 Rf8 25. Rh1 Rg6 26. e4 Rgf6 27. exf5 Qxf5 28.
Rhf1 Rg6 29. Ne4 Nxe4 30. fxe4 Qg4 31. Rxf8+ Kxf8 32. Qf3+ Qxf3+ 33. Kxf3 Rf6+
{Game drawn by mutual agreement} 1/2-1/2

[Event "Team 45 45 League T59"]
[Site "Internet Chess Club"]
[Date "2013.11.24"]
[Round "1"]
[White "Goli"]
[Black "LittleButton"]
[Result "0-1"]
[WhiteElo "1734"]
[BlackElo "1871"]
[Opening "Sicilian: Alapin's variation (2.c3)"]
[ECO "B22"]
[Time "17:01:52"]
[TimeControl "2700+45"]

1. e4 c5 2. c3 Nf6 3. e5 Nd5 4. d4 cxd4 5. Nf3 e6 6. cxd4 d6 7. Bc4 Nc6 8. O-O
Be7 9. Bxd5 exd5 10. Nc3 dxe5 11. Nxe5 O-O 12. h3 Be6 13. Nxc6 bxc6 14. Be3 Rb8
15. Qa4 Qd7 16. Qc2 Bd6 17. b3 Rfe8 18. Ne2 Bf5 19. Qd1 Re6 20. Nf4 Re4 21. Qf3
Rbe8 22. Ne2 Rh4 23. Nf4 Be4 24. Qg3 Qd8 25. f3 Bf5 26. Rfe1 g5 27. Bd2 Rxe1+
28. Rxe1 Bxf4 29. Bxf4 Rxf4 30. Re8+ Qxe8 31. Qxg5+ Bg6 32. Qxf4 Qe7 33. h4 c5
34. dxc5 Qxc5+ 35. Kh2 d4 36. g4 Bb1 37. h5 d3 38. h6 Qe7 39. g5 Qd8 40. Qe5 f6
41. Qe6+ Kf8 42. gxf6 d2 43. Qg4 Bg6 44. Qb4+ Ke8 45. Qa4+ Qd7 46. Qc4 Qd6+ 47.
Kg2 d1=Q 48. Qc8+ Qd8 49. Qe6+ Kf8 {White resigns} 0-1

[Event "Team 45 45 League T59"]
[Site "Internet Chess Club"]
[Date "2013.11.21"]
[Round "1"]
[White "zigzag2002"]
[Black "Inquisiteur"]
[Result "1-0"]
[WhiteElo "2010"]
[BlackElo "1627"]
[Opening "Sicilian: Pin variation (Sicilian counter-attack)"]
[ECO "B41"]
[Time "17:05:01"]
[TimeControl "2700+45"]

1. e4 c5 2. Nf3 e6 3. d4 cxd4 4. Nxd4 Nf6 5. Nc3 Bb4 6. Bd3 Nc6 7. Nxc6 bxc6 8.
O-O d5 9. e5 Nd7 10. Qg4 Bf8 11. f4 g6 12. Ne2 Qb6+ 13. Kh1 c5 14. c3 c4 15. Bc2
Bc5 16. b4 cxb3 17. axb3 a5 18. b4 Be7 19. Qf3 Bb7 20. Be3 Qc7 21. b5 d4 22. Be4
Bxe4 23. Qxe4 Nb6 24. Nxd4 O-O 25. Nc6 Nd5 26. c4 Nxe3 27. Qxe3 Rfc8 28. Rfd1 a4
29. Rd3 Bf8 30. Qd2 Qb6 31. Rd7 Rxc6 32. bxc6 Qxc6 33. Rd4 Kg7 34. h3 a3 35. Qc3
Bc5 36. Rd3 Qe4 37. Re1 Qxf4 38. Rf3 Qd4 39. Qb3 a2 40. Rxf7+ Kh6 41. Rxh7+ Kxh7
42. Qb7+ Kh6 43. Qxa8 Qxc4 44. Ra1 Qc3 45. Qxa2 Qxe5 46. Qd2+ Kg7 47. Re1 Qf5
48. Qd7+ Kh6 49. Qc8 Bd6 50. Qh8+ Kg5 51. Qd8+ {Black resigns} 1-0

[Event "Team 45 45 League T59"]
[Site "Internet Chess Club"]
[Date "2013.11.25"]
[Round "1"]
[White "MBAStudent"]
[Black "latayvia"]
[Result "1-0"]
[WhiteElo "1687"]
[BlackElo "1585"]
[Opening "Caro-Kann: classical variation"]
[ECO "B18"]
[Time "18:01:57"]
[TimeControl "2700+45"]

1. e4 c6 2. d4 d5 3. Nc3 dxe4 4. Nxe4 Bf5 5. Ng3 Bg6 6. Nf3 Nd7 7. Bc4 e6 8. O-O
Bd6 9. Qe2 Ngf6 10. Ng5 Nd5 11. Re1 O-O 12. Nxe6 fxe6 13. Qxe6+ Kh8 14. Qxd6
Bxc2 15. Bxd5 cxd5 16. Qxd5 Qf6 17. Be3 Nb6 18. Qe5 Qg6 19. Rac1 Rae8 20. Qh5
Rc8 21. Qxg6 Bxg6 22. Rxc8 Rxc8 23. Rc1 Bc2 24. Kf1 Na4 25. Ke1 Nxb2 26. Kd2
Nc4+ 27. Ke2 Bg6 28. Nf1 b5 29. Rd1 a5 30. Nd2 Bd3+ 31. Kxd3 Nb2+ 32. Ke2 Nxd1
33. Kxd1 a4 34. Ne4 b4 35. Nc5 Kg8 36. Kc2 Kf7 37. Kd3 b3 38. axb3 a3 39. Kc2
Rb8 40. Kb1 h6 41. Ka2 Ra8 42. b4 Kg6 43. Nb3 Kf5 44. Na5 Ke4 45. Kxa3 Kd5 46.
Ka4 Rb8 47. Kb3 Rb5 48. Nc4 h5 49. Na3 Rb7 50. Nb1 Ke4 51. h4 Kd3 52. g3 Rc7 53.
Na3 Ra7 54. Nc4 Ra1 55. Ne5+ Ke4 56. Kc4 Ra2 57. Kc5 Rc2+ 58. Kb6 Kd5 59. b5 Kd6
60. Nc6 Kd7 61. Kb7 Ra2 62. b6 Rc2 63. Nb8+ Kd8 64. Na6 Kd7 65. Nc5+ Kd8 66.
Ne6+ Ke7 67. Nxg7 Kd7 68. Nxh5 Rc4 69. Nf6+ Kd6 70. Ne4+ Kd7 71. Nc5+ Kd6 72. h5
Ke7 73. h6 Kf7 74. Kc7 Kg6 75. b7 Rb4 76. b8=Q Rxb8 77. Kxb8 Kh7 78. d5 Kg8 79.
d6 Kf7 80. d7 Ke7 81. h7 Kd6 82. h8=Q Kc6 83. Qh6+ Kb5 84. d8=Q Kc4 85. Qe6+ Kb5
86. Qdb6# {Black checkmated} 1-0

[Event "Team 45 45 League T59"]
[Site "Internet Chess Club"]
[Date "2013.11.25"]
[Round "1"]
[White "misuc56"]
[Black "toukon"]
[Result "1-0"]
[WhiteElo "1795"]
[BlackElo "1701"]
[Opening "QGD semi-Slav: 5...Nd7"]
[ECO "D45"]
[Time "09:00:25"]
[TimeControl "2700+45"]

1. d4 d5 2. c4 c6 3. e3 Nf6 4. Nc3 e6 5. Nf3 Nbd7 6. Bd2 Bd6 7. c5 Bc7 8. h3 e5
9. Be2 e4 10. Nh2 h5 11. b4 Nf8 12. a4 g5 13. Nf1 Ng6 14. g3 Be6 15. b5 Qd7 16.
h4 gxh4 17. gxh4 Bh3 18. Ng3 Nxh4 19. Bc1 Bxg3 20. fxg3 Ng2+ 21. Kd2 Qf5 22. Kc2
Ng4 23. Bxg4 Bxg4 24. Qg1 Bf3 25. Rh2 h4 26. Rxg2 Bxg2 27. Qxg2 h3 28. Qh2 Qf3
29. Bd2 Ke7 30. Rg1 Rag8 31. Ne2 f5 32. Nf4 Kf7 33. a5 a6 34. b6 Rg5 35. Ne2 Kf6
36. g4 Re8 37. gxf5 Rxg1 38. Nxg1 Qg2 39. Qd6+ Kxf5 40. Qd7+ Re6 41. Qf7+ Rf6
42. Qh5+ Qg5 43. Qxh3+ Kg6 44. Ne2 Rf3 45. Qe6+ Qf6 46. Qg4+ Kf7 47. Nf4 Rf1 48.
Qh5+ Kg7 49. Qh3 Ra1 50. Nh5+ {Black resigns} 1-0

[Event "Team 45 45 League T59"]
[Site "Internet Chess Club"]
[Date "2013.11.25"]
[Round "1"]
[White "John3v16"]
[Black "WOLFSPELZ"]
[Result "1-0"]
[WhiteElo "1653"]
[BlackElo "1522"]
[Opening "QGD Slav: exchange variation"]
[ECO "D13"]
[Time "06:01:23"]
[TimeControl "2700+45"]

1. Nf3 Nf6 2. c4 c6 3. Nc3 d5 4. cxd5 cxd5 5. d4 Bf5 6. e3 a6 7. Qb3 Bc8 8. Be2
e6 9. Bd2 Be7 10. Rc1 O-O 11. Ne5 Nbd7 12. f4 Nxe5 13. fxe5 Nd7 14. O-O f5 15.
Bf3 Nb6 16. Ne2 Bd7 17. Ba5 Bb5 18. a4 Bxa4 19. Qxb6 Qxb6 20. Bxb6 Bb5 21. Bc5
Bg5 22. Kf2 Rfe8 23. g3 a5 24. Rc3 a4 25. Rfc1 Bc4 26. Nf4 b5 27. Be2 Bd8 28.
Bb4 Ba5 29. Bxa5 Rxa5 30. Bxc4 bxc4 31. Ra3 Kf7 32. Ne2 Rb8 33. Ra2 Rb3 34. Rc2
h6 35. Nc3 Rb4 36. Rc1 Ra7 37. Rca1 a3 38. bxa3 Rb3 39. Nb1 c3 40. Rc2 Rb2 41.
Rxb2 cxb2 42. Ra2 Rb7 43. a4 Ke7 44. Ke2 Kd7 45. Kd2 Kc8 46. Kc2 Rb4 47. a5 Kb7
48. Rxb2 Rxb2+ 49. Kxb2 Ka6 50. Nd2 Kxa5 51. Nb3+ Kb4 52. Nc5 Kc4 53. Kc2 Kb5
54. Nxe6 g6 55. Nf4 {Black resigns} 1-0

[Event "Team 45 45 League T59"]
[Site "Internet Chess Club"]
[Date "2013.11.23"]
[Round "1"]
[White "supermessi"]
[Black "semperfi"]
[Result "1-0"]
[WhiteElo "1541"]
[BlackElo "1397"]
[Opening "Nimzo-Indian: 4.e3"]
[ECO "E40"]
[Time "17:00:39"]
[TimeControl "2700+45"]

1. d4 Nf6 2. c4 e6 3. Nc3 Bb4 4. e3 d5 5. Ne2 O-O 6. a3 Bxc3+ 7. Nxc3 c5 8. cxd5
cxd4 9. exd4 exd5 10. Be2 Nc6 11. O-O a6 12. Be3 Bf5 13. Qb3 b5 14. Bf3 Ne4 15.
Nxd5 Na5 16. Qb4 Qxd5 17. Qxa5 Qd6 18. Rac1 Rfe8 19. Rfd1 Qg6 20. a4 bxa4 21.
Qxa4 Rab8 22. Rc6 Bd7 23. d5 Bxc6 24. dxc6 Rbc8 25. Rc1 Re6 26. Qxa6 Rexc6 27.
Qxc8+ {Black resigns} 1-0

[Event "Team 45 45 League T59"]
[Site "Internet Chess Club"]
[Date "2013.11.23"]
[Round "1"]
[White "zap2"]
[Black "Portola"]
[Result "1/2-1/2"]
[WhiteElo "1766"]
[BlackElo "1843"]
[Opening "Réti opening"]
[ECO "A04"]
[Time "09:18:00"]
[TimeControl "2700+45"]

1. Nf3 Nc6 2. g3 d5 3. Bg2 Bf5 4. d3 Nf6 5. Nbd2 e6 6. Nh4 Bg6 7. O-O Bc5 8. c3
Qe7 9. a4 a5 10. Re1 O-O-O 11. h3 e5 12. Nxg6 fxg6 13. e4 dxe4 14. Nxe4 Nxe4 15.
Bxe4 Qf6 16. Qe2 Rhf8 17. Be3 Bxe3 18. fxe3 Qe6 19. Qg4 Qxg4 20. hxg4 Rd6 21.
Rf1 Rdf6 22. g5 Rxf1+ 23. Rxf1 Rxf1+ 24. Kxf1 Ne7 25. g4 c6 26. c4 c5 27. Ke2
Kc7 28. d4 exd4 29. exd4 b6 30. dxc5 bxc5 31. Ke3 Kd7 32. Kf4 Kd6 33. Bb7 Ke6
34. Ke4 Kd6 35. Kf4 Ke6 36. Be4 Kd6 {Game drawn by mutual agreement} 1/2-1/2

[Event "Team 45 45 League T59"]
[Site "Internet Chess Club"]
[Date "2013.11.21"]
[Round "1"]
[White "evan7284"]
[Black "ScotchYeti"]
[Result "1/2-1/2"]
[WhiteElo "1706"]
[BlackElo "1679"]
[Opening "King's Indian: Torre attack"]
[ECO "A48"]
[Time "16:00:14"]
[TimeControl "2700+45"]

1. d4 Nf6 2. Nf3 g6 3. Bg5 Bg7 4. Nbd2 O-O 5. e4 d6 6. Bd3 h6 7. Bh4 Nh5 8. O-O
Nf4 9. Bc4 c5 10. c3 Nc6 11. dxc5 dxc5 12. Bg3 Nd3 13. Qc2 Nde5 14. Nxe5 Bxe5
15. f4 Bg7 16. f5 g5 17. Nf3 Bd7 18. Rad1 Qc8 19. Rd2 Na5 20. Be2 c4 21. Rfd1
Bc6 22. Ne5 b5 23. Nxc6 Nxc6 24. Rd7 Qa6 25. a3 Rae8 26. h4 Bf6 27. e5 Bxe5 28.
Bxe5 Nxe5 29. R7d5 Qb6+ 30. Kh1 Qe3 31. hxg5 hxg5 32. Qd2 Qg3 33. Qd4 f6 34. Kg1
Kg7 35. Qf2 Qxf2+ 36. Kxf2 a6 37. Bh5 Rc8 38. Be2 Rh8 39. Kg3 {Game drawn by
mutual agreement} 1/2-1/2

[Event "Team 45 45 League T59"]
[Site "Internet Chess Club"]
[Date "2013.11.24"]
[Round "1"]
[White "cepheid"]
[Black "rubo"]
[Result "1-0"]
[WhiteElo "1606"]
[BlackElo "1642"]
[Opening "Caro-Kann: anti-anti-Caro-Kann defense"]
[ECO "B10"]
[Time "14:00:44"]
[TimeControl "2700+45"]

1. e4 c6 2. c4 d5 3. cxd5 cxd5 4. exd5 Nf6 5. Nc3 Nxd5 6. Nf3 Nxc3 7. bxc3 e6 8.
d4 b6 9. Bd3 Bb7 10. O-O Nd7 11. Re1 Bd6 12. Qc2 h6 13. a4 O-O 14. Be4 Bxe4 15.
Rxe4 Nf6 16. Rh4 Re8 17. Bd2 Rc8 18. Qc1 Bf8 19. Ne5 Rxc3 20. Bxc3 Nd5 21. Rg4
Nxc3 22. Qxc3 Qd5 23. Qc6 Qd8 24. Qd7 Qxd7 25. Nxd7 Be7 26. Ne5 Rc8 27. Kf1 Rc2
28. Re4 Bb4 29. Re2 Rc7 30. Rb1 Ba5 31. f3 f6 32. Nd3 Kf7 33. Rc1 Rd7 34. Rc4 e5
35. Kf2 exd4 36. Kg3 a6 37. Rc8 b5 38. axb5 axb5 39. Ra8 Bc3 40. Rb8 b4 41. h3
g5 42. Kg4 Rd5 43. Rb7+ Kg6 44. Re6 h5+ 45. Kg3 Bd2 46. Rbb6 Rf5 47. Nxb4 h4+
48. Kf2 Bf4 49. Nd3 Bg3+ 50. Ke2 Bh2 51. Nb4 Bg1 52. Kd3 Bf2 53. Nc6 Kf7 54.
Nxd4 Rd5 55. Red6 Bxd4 56. Rb7+ Kg6 57. Rxd5 Ba1 58. Ke4 Bc3 59. Rdd7 f5+ 60.
Kd5 g4 61. Rb6+ Kg5 62. fxg4 fxg4 63. hxg4 Kxg4 64. Rg6+ Kf4 65. Rh7 Be1 66.
Rf7+ Ke3 67. Re6+ Kd2 68. Rxe1 {Black resigns} 1-0

[Event "Team 45 45 League T59"]
[Site "Internet Chess Club"]
[Date "2013.11.23"]
[Round "1"]
[White "JohLeb"]
[Black "Gilguli"]
[Result "1-0"]
[WhiteElo "1397"]
[BlackElo "1394"]
[Opening "QGD: Albin counter-gambit"]
[ECO "D08"]
[Time "13:00:54"]
[TimeControl "2700+45"]

1. d4 d5 2. c4 e5 3. dxe5 d4 4. Nf3 Nc6 5. Bg5 Bb4+ 6. Nbd2 Nge7 7. a3 Bxd2+ 8.
Qxd2 h6 9. Bh4 g5 10. Bg3 Nf5 11. O-O-O Be6 12. Qc2 Qd7 13. e3 Nxg3 14. hxg3 Bf5
15. e4 Bg4 16. Be2 Bxf3 17. gxf3 Nxe5 18. f4 gxf4 19. gxf4 Ng6 20. Qd2 O-O-O 21.
Rh5 Qd6 22. Rd5 Qxf4 23. Qxf4 Nxf4 24. Bg4+ Kb8 25. R5xd4 Rxd4 26. Rxd4 h5 27.
Bf3 Kc8 28. Kd2 c6 29. e5 Kc7 30. Rxf4 {Black resigns} 1-0

[Event "Team 45 45 League T59"]
[Site "Internet Chess Club"]
[Date "2013.11.26"]
[Round "1"]
[White "calsal"]
[Black "clarinetref"]
[Result "1-0"]
[WhiteElo "1681"]
[BlackElo "1602"]
[Opening "Caro-Kann defense"]
[ECO "B12"]
[Time "10:11:42"]
[TimeControl "2700+45"]

1. e4 c6 2. d4 d6 3. Nc3 Qc7 4. f4 e5 5. Nf3 Bg4 6. d5 Nf6 7. h3 Bxf3 8. Qxf3
Nbd7 9. g4 exf4 10. g5 Ne5 11. Qxf4 Nfd7 12. Be3 Be7 13. O-O-O h6 14. Qg3 hxg5
15. Bxg5 Bxg5+ 16. Qxg5 Ng6 17. h4 Nf6 18. h5 O-O-O 19. Bh3+ Kb8 20. hxg6 Rh5
21. Qg3 Rdh8 22. Bg2 fxg6 23. Qxg6 R8h6 24. Rxh5 Rxh5 25. Rh1 Rxh1+ 26. Bxh1 Qe7
27. Qf5 cxd5 28. Nxd5 Nxd5 29. Qxd5 g5 30. Bf3 a6 31. Bg4 Kc7 32. Qe6 Qxe6 33.
Bxe6 Kb6 34. Kd2 Kc5 35. Ke3 b5 36. Kf3 Kd4 37. Bd5 a5 38. Kg4 a4 39. Kxg5 Ke5
40. Kg6 b4 41. Kf7 {Black resigns} 1-0

[Event "Team 45 45 League T59"]
[Site "Internet Chess Club"]
[Date "2013.11.22"]
[Round "1"]
[White "uzi"]
[Black "JeffH"]
[Result "1/2-1/2"]
[WhiteElo "1199"]
[BlackElo "1532"]
[Opening "Pirc: classical (two knights) system"]
[ECO "B08"]
[Time "18:00:14"]
[TimeControl "2700+45"]

1. e4 d6 2. d4 Nf6 3. Nc3 g6 4. Nf3 Bg7 5. Bc4 O-O 6. O-O Bg4 7. h3 Bxf3 8. Qxf3
Nc6 9. Be3 e5 10. d5 Ne7 11. Bg5 Nc8 12. Rad1 Nb6 13. Bb3 Nbd7 14. Rfe1 h6 15.
Bh4 a6 16. a4 Qb8 17. Qe2 Nc5 18. Bc4 Nxa4 19. Nxa4 b5 20. b3 bxa4 21. bxa4 Qb4
22. Ra1 a5 23. Bxf6 Bxf6 24. Reb1 Qc3 25. Qd3 Qxd3 26. cxd3 Rfb8 27. Bb5 Rb6 28.
Rc1 Ra7 29. Rc2 Bg5 30. Ra3 Rbb7 31. Rac3 Kg7 32. Rb3 Rb8 33. g3 f5 34. h4 Be7
{Game drawn by mutual agreement} 1/2-1/2

[Event "Team 45 45 League T59"]
[Site "Internet Chess Club"]
[Date "2013.11.22"]
[Round "1"]
[White "jjaillet2007"]
[Black "PostMike"]
[Result "0-1"]
[WhiteElo "1414"]
[BlackElo "1412"]
[Opening "Grünfeld: modern exchange variation"]
[ECO "D85"]
[Time "14:30:44"]
[TimeControl "2700+45"]

1. d4 Nf6 2. c4 g6 3. Nc3 d5 4. cxd5 Nxd5 5. e4 Nxc3 6. bxc3 Bg7 7. Nf3 c5 8.
Bb2 cxd4 9. Nxd4 O-O 10. Bd3 Nd7 11. O-O Nc5 12. Bc2 Bd7 13. Ba3 Rc8 14. Rc1 Qa5
15. Bxc5 Qxc5 16. Bb1 Rc7 17. Re1 Rfc8 18. Nb3 Qe5 19. Qd4 a6 20. Bd3 Qe6 21.
Qd5 Qb6 22. e5 Be6 23. Qa5 Qxa5 24. Nxa5 Bxa2 25. Rc2 Bd5 26. Be4 Bxe4 27. Rxe4
Rxc3 28. Rxc3 Rxc3 29. g3 Rc1+ 30. Kg2 Rc5 31. Nxb7 Rxe5 32. Ra4 Rb5 33. Na5 Bc3
34. Nc6 Rb6 35. Rc4 Bf6 36. f4 e6 37. Kf3 Rb3+ 38. Kg4 h5+ 39. Kh3 Ra3 40. Ne5
a5 41. Rc8+ Kg7 42. Nd7 a4 43. Nxf6 Kxf6 44. Kh4 Ra1 45. Ra8 a3 46. g4 hxg4 47.
Kxg4 a2 48. Kh3 Kf5 49. Ra5+ Kxf4 50. Ra4+ Kf5 51. Kh4 e5 52. Ra5 g5+ 53. Kh5 f6
54. Ra3 Kf4 55. Kg6 f5 56. Ra4+ e4 57. h3 Rh1 58. Rxa2 Rxh3 59. Rf2+ Rf3 60. Rg2
g4 61. Ra2 Kg3 62. Kg5 e3 63. Ra3 e2 64. Ra1 Rf1 65. Ra3+ Kg2 66. Ra2 Rf2 67.
Ra1 g3 68. Kh4 f4 69. Kg4 Kh2 70. Re1 g2 71. Rxe2 g1=Q+ 72. Kf5 Rxe2 73. Kxf4
Qf1+ 74. Kg4 Rg2+ 75. Kh4 Qf6+ 76. Kh5 Qg5# {White checkmated} 0-1

[Event "Team 45 45 League T59"]
[Site "Internet Chess Club"]
[Date "2013.11.24"]
[Round "1"]
[White "Aquaman"]
[Black "stantheman59"]
[Result "1-0"]
[WhiteElo "1364"]
[BlackElo "1184"]
[Opening "Center game: Paulsen attack"]
[ECO "C22"]
[Time "15:01:07"]
[TimeControl "2700+45"]

1. e4 e5 2. d4 exd4 3. Qxd4 Nc6 4. Qe3 b6 5. Bd2 Bc5 6. Qc3 Bd4 7. Qb3 Nf6 8. f3
d6 9. Ne2 Be6 10. c4 Bc5 11. Nf4 Nd4 12. Qd1 Qd7 13. b4 Bxb4 14. Bxb4 Nc6 15.
Bc3 O-O 16. Bxf6 gxf6 17. Nc3 Na5 18. Ncd5 Bxd5 19. Nxd5 Qd8 20. Qd4 c6 21.
Nxf6+ Kg7 22. Nh5+ Kg6 23. Nf4+ Kg5 24. Qd2 Kf6 25. Rd1 Nxc4 26. Bxc4 d5 27.
exd5 Re8+ 28. Kf1 Kg7 29. dxc6 Qc7 30. a4 Rad8 31. Qc3+ f6 32. Rxd8 Rxd8 33.
Ne6+ {Black resigns} 1-0

[Event "Team 45 45 League T59"]
[Site "Internet Chess Club"]
[Date "2013.11.23"]
[Round "1"]
[White "conrad9"]
[Black "Electryon"]
[Result "0-1"]
[WhiteElo "1407"]
[BlackElo "1548"]
[Opening "French: exchange variation"]
[ECO "C01"]
[Time "14:05:28"]
[TimeControl "2700+45"]

1. e4 e6 2. d4 d5 3. exd5 Qxd5 4. Nc3 Qd8 5. Nf3 Nf6 6. Bg5 Be7 7. Bc4 Nbd7 8.
Ne5 Nb6 9. Bb3 Nfd5 10. Bxe7 Qxe7 11. O-O O-O 12. Qf3 Nxc3 13. bxc3 Nd7 14. Rfe1
Rb8 15. Rad1 b6 16. Nc6 Qd6 17. Nxb8 Nxb8 18. d5 Bb7 19. Qd3 e5 20. c4 Nd7 21.
Qe3 f6 22. Rf1 a5 23. a4 Nc5 24. Rfe1 Re8 25. Rf1 Bc8 26. f4 e4 27. Rde1 Bg4 28.
Qg3 f5 29. h3 Bh5 30. Re3 Rf8 31. Qe1 Rf6 32. Qh4 Rh6 33. Rg3 Bg6 34. Qg5 Rh5
35. Qxh5 Bxh5 36. Re3 Qf6 37. Rb1 Qd4 38. Re1 Qf6 39. Rb1 Qg6 40. Kh2 Qh6 41. g3
Bg4 42. h4 Qf6 43. c3 Nd3 44. Bc2 Qxc3 45. Rc1 Qd2+ 46. Kh1 Qxc1+ 47. Kg2 Qxe3
48. Bxd3 Qxd3 {White resigns} 0-1

[Event "Team 45 45 League T59"]
[Site "Internet Chess Club"]
[Date "2013.11.21"]
[Round "1"]
[White "seattleblues"]
[Black "Zyme"]
[Result "1-0"]
[WhiteElo "1534"]
[BlackElo "1387"]
[Opening "King's Indian: London system"]
[ECO "A48"]
[Time "21:02:16"]
[TimeControl "2700+45"]

1. d4 Nf6 2. Nf3 g6 3. Bf4 Bg7 4. e3 O-O 5. Be2 d5 6. O-O Nh5 7. Bg5 h6 8. Bh4
g5 9. Bg3 Nxg3 10. fxg3 Nd7 11. Nbd2 Nf6 12. c3 Ng4 13. Qc1 Nxe3 14. Re1 Ng4 15.
Bd3 f5 16. Nf1 b6 17. h3 Nf6 18. Ne5 Qe8 19. Ne3 Nd7 20. Bxf5 Nxe5 21. Bxc8 Rxc8
22. dxe5 e6 23. Ng4 Rf4 {Black resigns} 1-0